AoeStats
← Diosito

Black Forest

505413017Analyzed
4v4 RM · 24d ago on Sep 9, 2026· 37m 22s· 8 players
Game mode
Random Map
Map size
Large (8 player)
Population
200
Speed
Normal
Resources
Standard
Victory
Conquest
Starting age
Dark Age
Ending age
Imperial Age
RankedLock teamsTeams togetherTeam positionsShared explorationLock speedFull tech treeHidden civsTurbo modeCheats
Victory
Defeat
🇨🇳 Poles · China
1065
+17
🇻🇳 Japanese · Vietnam
1029
+18
🇺🇸 Spanish · United States
1028
+18
🇨🇳 Teutons · China
975
+20
🇦🇷 Portuguese · Argentina
1112
-20
🇨🇳 Vietnamese · China
1098
-19
🇰🇿 Italians · Kazakhstan
1092
-19
🇸🇪 Romans · Sweden
1003
-15
Only 1 call a day
0:30 Loom
13:14 Feudal Age
17:12 Double-Bit Axe
17:44 Horse Collar
22:48 Castle Age
20:45 Stone Mining
20:46 Gold Mining
21:09 Forging
20:59 Scale Mail Armor
21:41 Arson
24:00 Squires
23:48 Gambesons
27:57 Iron Casting
27:37 Chain Mail Armor
28:01 Gold Shaft Mining
27:40 Bow Saw
30:27 Wheelbarrow
30:41 Heavy Plow
30:43 Man-at-Arms
32:18 Fletching
32:28 Padded Archer Armor
32:34 Scale Barding Armor
32:22 Long Swordsman
33:26 Thumb Ring
34:23 Bodkin Arrow
34:44 Leather Archer Armor
34:49 Chain Barding Armor
37:06 Imperial Age
34:53 Hand Cart
36:24 Caravan
38:16 Conscription
wujiang
3:58 Loom
10:49 Feudal Age
11:00 Man-at-Arms
12:00 Double-Bit Axe
18:20 Arson
19:26 Scale Mail Armor
22:10 Wheelbarrow
24:44 Castle Age
25:55 Scale Barding Armor
26:02 Forging
25:58 Gold Mining
26:20 Bow Saw
25:52 Horse Collar
26:45 Hand Cart
27:32 Chain Barding Armor
31:30 Bloodlines
35:22 Iron Casting
37:21 Stone Mining
40:25 Imperial Age
2442162598
0:34 Loom
11:23 Feudal Age
16:29 Castle Age
19:02 Double-Bit Axe
19:02 Horse Collar
24:11 Stone Mining
25:11 Bow Saw
25:02 Heavy Plow
26:08 Wheelbarrow
25:19 Town Watch
29:35 Scale Barding Armor
29:40 Forging
28:55 Light Cavalry
29:46 Bloodlines
30:46 Hand Cart
30:31 Town Patrol
31:06 Elite Skirmisher
32:59 Gold Mining
33:44 Stone Shaft Mining
34:34 Husbandry
38:40 Imperial Age
37:00 Iron Casting
36:16 Fletching
36:47 Chain Barding Armor
bvinh6112
10:00 Feudal Age
15:53 Castle Age
14:43 Double-Bit Axe
15:56 Loom
18:10 Wheelbarrow
19:23 Fishing Lines
20:04 Bow Saw
23:29 Fletching
25:41 Horse Collar
27:25 Hand Cart
29:08 Heavy Plow
33:46 Imperial Age
35:30 Two-Man Saw
35:55 Chemistry
35:16 Ballistics
36:06 Husbandry
36:16 Bloodlines
36:18 Bodkin Arrow
36:24 Padded Archer Armor
番茄没有酒
1:46 Loom
12:24 Feudal Age
17:19 Castle Age
15:30 Double-Bit Axe
16:07 Horse Collar
16:36 Stone Mining
17:22 Town Watch
18:05 Heavy Plow
20:14 Stone Shaft Mining
22:20 Bow Saw
23:38 Gold Mining
26:05 Wheelbarrow
26:36 Fletching
26:47 Padded Archer Armor
28:37 Hand Cart
29:45 Town Patrol
31:52 Ballistics
35:04 Imperial Age
32:46 Chatras
32:46 Treadmill Crane
33:49 Bodkin Arrow
34:09 Leather Archer Armor
35:42 Fortified Wall
35:39 Elite Rattan Archer
37:21 Paper Money
Stinsen_WX
10:47 Loom
13:26 Feudal Age
13:41 Man-at-Arms
18:03 Horse Collar
18:11 Double-Bit Axe
23:12 Castle Age
23:19 Scale Mail Armor
25:51 Fletching
30:06 Bodkin Arrow
31:55 Bow Saw
33:00 Squires
32:23 Pikeman
Diosito
7:32 Loom
13:09 Feudal Age
15:56 Double-Bit Axe
19:11 Castle Age
18:22 Horse Collar
19:50 Crossbowman
22:18 Fletching
21:52 Elite Skirmisher
28:08 Bodkin Arrow
28:36 Ballistics
31:28 Wheelbarrow
30:39 Town Watch
36:53 Imperial Age
BatuKhan
1:40 Loom
13:47 Feudal Age
15:15 Fishing Lines
18:11 Double-Bit Axe
18:10 Horse Collar
20:39 Castle Age
21:12 Stone Mining
Connection lost

Rejoining the realm…

Still unreachable

The connection could not be restored.

Session expired

The server has moved on; the page needs a fresh start.